 Dungeon Crawl Stone Soup version 0.24-a0-434-gd57e52fea8 (webtiles) character file.

Game seed: 15136202809480481067

10977 theanonym the Carver (level 11, -4/81 HPs)
             Began as a Mummy Warper on June 15, 2019.
             Was a Follower of Uskayaw.
             Slain by Erica
             ... wielding a +3 scimitar of flaming
              (6 damage)
             ... on level 1 of the Orcish Mines.
             The game lasted 00:27:13 (15449 turns).

theanonym the Carver (Mummy Warper)                Turns: 15449, Time: 00:27:13

Health: -4/81      AC: 20    Str: 17    XL:     11   Next: 43%
Magic:  2/15       EV:  5    Int: 13    God:    Uskayaw [*.....]
Gold:   654        SH:  5    Dex: 15    Spells: 15/15 levels left

rFire    x . .     SeeInvis .   a - +0 scimitar
rCold    + . .     Gourm    .   q - +0 buckler
rNeg     + + +     Faith    .   z - +0 plate armour
rPois    ∞         Spirit   .   y - +0 helmet
rElec    .         Reflect  .   m - +1 cloak {+Inv}
rCorr    .         Harm     .   d - +2 pair of gloves
MR       ++...                  p - +2 pair of boots
Stlth    ..........             e - amulet of magic regeneration
HPRegen  0.23/turn              j - +3 ring of dexterity
MPRegen  0.39/turn              b - ring of protection from magic

@: very slightly contaminated, invisible (expiring)
A: no food or potions, fire vulnerability, cold resistance 1, negative energy
resistance 3, torment resistance, unbreathing
a: Stomp, Renounce Religion


Innate Abilities, Weirdness & Mutations

You do not eat or drink.
Your flesh is vulnerable to fire.
You are immune to poison.
Your flesh is cold resistant. (rC+)
You are immune to negative energy. (rN+++)
You are immune to unholy pain and torment.
You can survive without breathing.


   Skills:
 + Level 5.9 Fighting
 * Level 13.2 Long Blades
 - Level 0.7 Throwing
 + Level 3.1 Armour
 - Level 1.5 Dodging
 - Level 4.0 Shields
 - Level 2.6 Spellcasting
   Level 2.4 Translocations


You had 15 spell levels left.
You didn't know any spells.
Your spell library contained the following spells:

 Spells                   Type           Power        Failure   Level  Hunger
 Blink                    Tloc           N/A          100%        2    N/A
 Shroud of Golubria       Chrm/Tloc      #.....       100%        2    N/A
 Sticks to Snakes         Tmut           #.......     100%        2    N/A
 Gell's Gravitas          Tloc           #.........   100%        3    N/A
 Lesser Beckoning         Tloc           #.........   100%        3    N/A
 Teleport Other           Tloc           #.......     100%        3    N/A
 Passage of Golubria      Tloc           N/A          100%        4    N/A
 Beastly Appendage        Tmut           Unusable     N/A         1    N/A
 Spider Form              Tmut/Pois      Unusable     N/A         3    N/A
 Ice Form                 Ice/Tmut       Unusable     N/A         4    N/A
 Blade Hands              Tmut           Unusable     N/A         5    N/A

Skill      XL: |  1  2  3  4  5  6  7  8  9 10 11 |
---------------+----------------------------------+-----
Long Blades    | 2 3 4 5 6 8 9 11 12 13 | 13.2
Shields        | 3 4 |  4.0
Fighting       | 4 5 |  5.9
Armour         | 1 3 |  3.1
Throwing       | |  0.7
Dodging        | |  1.5
Spellcasting   | |  2.6
Translocations | |  2.4

Action                   |  1- 3 |  4- 6 |  7- 9 | 10-12 || total
-------------------------+-------+-------+-------+-------++-------
Melee: Falchion          |   127 |   412 |   384 |       ||   923
       Long sword        |       |       |   143 |       ||   143
       Scimitar          |       |       |       |   715 ||   715
Throw: Boomerang         |     2 |       |     1 |       ||     3
       Throwing net      |       |       |     1 |     1 ||     2
Invok: Stomp             |       |     4 |    55 |    62 ||   121
 Abil: Evoke Flight      |       |     1 |     3 |     3 ||     7
       Evoke Invisibilit |       |       |       |     1 ||     1
Evoke: Wand              |       |       |    11 |     5 ||    16
  Use: Scroll            |       |     6 |     5 |     3 ||    14
 Stab: Paralysed         |       |     1 |     8 |     8 ||    17
       Invisible         |       |       |       |     3 ||     3
       Held in net/web   |       |       |       |     1 ||     1
Armor: Leather armour    |    30 |       |       |       ||    30
       Chain mail        |    36 |   293 |   357 |       ||   686
       Plate armour      |       |       |    39 |   547 ||   586
Dodge: Dodged            |    92 |   158 |   198 |   171 ||   619
Block: Large shield      |       |       |    86 |       ||    86
       Buckler           |       |       |    64 |   163 ||   227
       Rpst.: Falchion   |    26 |    52 |    31 |       ||   109
       Long sword        |       |       |    17 |       ||    17
       Scimitar          |       |       |       |    56 ||    56

Inventory:

Hand Weapons
 a - a +0 scimitar (weapon)
Missiles
 i - 2 boomerangs of dispersal (quivered)
 k - 11 boomerangs
Armour
 d - a +2 pair of gloves (worn)
 l - a +0 large shield
 m - a +1 cloak of invisibility (worn)
 p - a +2 pair of boots (worn)
 q - a +0 buckler (worn)
 y - a +0 helmet (worn)
 z - a +0 plate armour (worn)
Jewellery
 b - a ring of protection from magic (right hand)
 c - an uncursed ring of flight
 e - an amulet of magic regeneration (around neck)
 j - a +3 ring of dexterity (left hand)
 o - an uncursed ring of ice
Wands
 v - a wand of acid (11)
 w - a wand of flame (23)
 C - a wand of enslavement (8)
Scrolls
 f - 4 scrolls of fog
 g - 5 scrolls of amnesia
 h - 2 scrolls of enchant weapon
 n - 7 scrolls of remove curse
 r - 4 scrolls of identify
 s - a scroll of brand weapon {unknown}
 t - 2 scrolls of teleportation
 u - 2 scrolls of vulnerability
 x - a scroll of noise {unknown}
 A - a scroll of summoning
 B - 2 scrolls of blinking


You were on level 1 of the Orcish Mines.
You worshipped Uskayaw.
Uskayaw was noncommittal.
You were not hungry.

You visited 2 branches of the dungeon, and saw 12 of its levels.

You collected 771 gold pieces.
You spent 117 gold pieces at shops.

Dungeon Overview and Level Annotations

Branches:
Dungeon (11/15)            Temple (0/1) D:6            Lair (0/6) D:11
    Orc (1/2) D:11

Altars:
Cheibriados
Dithmenos
Gozag
Hepliaklqana
Kikubaaqudgha
Okawaru
Ru
Trog
Uskayaw
Vehumet
Zin
Beogh

Shops:
D:6 }*=   D:9 :[!%

Annotations:
D:9 2 transporters, mortelune's ghost, novice DDEE
Orc:1 Erica

... ...#. #.###.... .
##....... .. ##.......#
.... ##........# ##...##
##.........##
#......####T....#o....###
#......#<@....#........#
#.... #[#.@...##.....###
..#....##[##o........###
......#....##...[)..#.# .
#..[[..##.....####
....##.....[)#........
#.....##.............
#...).###....##......
#......#.##....##......


You could see Erica, a troll and an orc.

Notes
Turn   | Place    | Note
-------+----------+-------------------------------------------
     0 | D:1      | theanonym the Mummy Warper began the quest for the Orb.
     0 | D:1      | Reached XP level 1. HP: 16/16 MP: 4/4
   185 | D:1      | Reached skill level 2 in Long Blades
   329 | D:1      | Reached XP level 2. HP: 21/22 MP: 5/5
   502 | D:1      | HP: 11/22 [ooze (2)]
   885 | D:2      | HP: 10/22 [adder (3)]
   892 | D:2      | HP: 2/22 [adder (4)]
   894 | D:2      | Reached skill level 3 in Long Blades
   894 | D:2      | Reached XP level 3. HP: 3/27 MP: 7/7
  1457 | D:2      | HP: 10/27 [kobold/+0 quarterstaff (7)]
  1688 | D:2      | Reached XP level 4. HP: 30/33 MP: 8/8
  1956 | D:2      | Noticed Natasha
  2005 | D:2      | HP: 15/33 [Natasha (3)]
  2005 | D:2      | HP: 7/33 [iron imp[Natasha] (8)]
  2010 | D:1      | Killed Natasha
  2010 | D:1      | Reached skill level 4 in Long Blades
  2433 | D:1      | Noticed Natasha
  2445 | D:1      | Killed Natasha
  2445 | D:1      | Reached XP level 5. HP: 32/38 MP: 9/9
  2570 | D:1      | Noticed Natasha
  2588 | D:2      | HP: 19/38 [Natasha (2)]
  2594 | D:2      | HP: 16/38 [Natasha/magic dart (2)]
  2598 | D:2      | Killed Natasha
  3030 | D:3      | Found a faded altar of an unknown god.
  3035 | D:3      | Became a worshipper of Uskayaw the Reveler
  3035 | D:3      | Reached * piety under Uskayaw
  3057 | D:3      | Found an ancient bone altar of Kikubaaqudgha.
  3174 | D:3      | Reached ** piety under Uskayaw
  3376 | D:3      | Found a glowing silver altar of Zin.
  3414 | D:3      | HP: 18/38 [orc/+2 short sword of flaming (4)]
  3427 | D:3      | HP: 15/38 [orc/+0 hand axe (1)]
  3434 | D:3      | HP: 9/38 [orc wizard/cursed +0 dagger (2)]
  3442 | D:3      | Reached skill level 5 in Long Blades
  3741 | D:3      | Found a shadowy altar of Dithmenos.
  3873 | D:3      | Reached *** piety under Uskayaw
  3878 | D:3      | Reached **** piety under Uskayaw
  3879 | D:3      | Reached XP level 6. HP: 39/44 MP: 10/10
  3882 | D:3      | Reached ***** piety under Uskayaw
  4550 | D:4      | Reached skill level 6 in Long Blades
  4586 | D:4      | Found a sacrificial altar of Ru.
  4616 | D:4      | Found an opulent altar of Gozag.
  4711 | D:4      | Reached XP level 7. HP: 44/50 MP: 11/11
  5072 | D:4      | Found an iron altar of Okawaru.
  5158 | D:4      | HP: 25/50 [scorpion (4)]
  5370 | D:5      | Entered Level 5 of the Dungeon
  5468 | D:5      | Reached skill level 7 in Long Blades
  5878 | D:5      | Reached skill level 8 in Long Blades
  5878 | D:5      | Reached XP level 8. HP: 41/56 MP: 5/12
  6456 | D:6      | Found Hoowot's Gadget Emporium.
  6478 | D:6      | HP: 27/56 [hound (4)]
  6483 | D:6      | HP: 22/56 [hound (3)]
  6494 | D:6      | Reached skill level 1 in Shields
  6707 | D:6      | Found a staircase to the Ecumenical Temple.
  6788 | D:6      | HP: 27/56 [ogre/+0 giant club (2)]
  6794 | D:6      | HP: 23/56 [hound (2)]
  7059 | D:6      | Found a hazy altar of Hepliaklqana.
  7071 | D:6      | Reached skill level 2 in Shields
  7098 | D:6      | Found Ossir's General Store.
  7151 | D:6      | Found Oxtudgh's Jewellery Shoppe.
  7269 | D:6      | Reached skill level 9 in Long Blades
  7271 | D:6      | HP: 12/56 [ogre/+0 giant spiked club (18)]
  7274 | D:6      | HP: 1/56 [ogre/+0 giant spiked club (11)]
  7765 | D:6      | HP: 27/56 [hornet zombie (5)]
  8083 | D:7      | Reached skill level 3 in Shields
  8229 | D:7      | Reached XP level 9. HP: 50/61 MP: 10/13
  8366 | D:7      | HP: 30/61 [gnoll/+0 spear (1)]
  8378 | D:7      | HP: 24/61 [wight/+4 halberd of freezing (6)]
  8403 | D:7      | HP: 18/61 [hound (1)]
  8410 | D:7      | HP: 10/61 [wight/+4 halberd of freezing (2)]
  8460 | D:7      | HP: 4/61 [ogre/cursed -1 giant spiked club (13)]
  8758 | D:7      | Identified the +7 chain mail of Mumblety Peg {MP+9 Str+3
                  | Stlth-}
  9203 | D:7      | Reached skill level 10 in Long Blades
  9316 | D:8      | Reached skill level 4 in Shields
  9871 | D:8      | Reached skill level 11 in Long Blades
 10029 | D:8      | Found a bloodstained altar of Trog.
 10342 | D:8      | Reached XP level 10. HP: 41/67 MP: 1/14
 10480 | D:9      | Found a transporter.
 10481 | D:9      | Noticed mortelune's ghost (novice DDEE)
 10484 | D:9      | Noticed a moth of wrath
 10501 | D:9      | Found a transporter.
 10616 | D:9      | HP: 32/67 [yak (7)]
 10621 | D:9      | HP: 17/67 [yak (9)]
 10633 | D:9      | HP: 14/67 [yak (5)]
 10636 | D:8      | HP: 6/67 [yak (5)]
 10963 | D:9      | HP: 32/67 [ogre/+0 giant club (9)]
 10988 | D:9      | HP: 20/67 [black bear (1)]
 11229 | D:9      | Found Mazadaef's Book Emporium.
 11251 | D:9      | Found Witisan's Antique Armour Shop.
 11255 | D:9      | Bought a cloak for 117 gold pieces
 11297 | D:9      | Found Xohar's Distillery.
 11303 | D:9      | Found Tor Ivot's Food Shoppe.
 11408 | D:9      | Found a radiant altar of Vehumet.
 11503 | D:9      | HP: 33/68 [yak (8)]
 11504 | D:9      | Reached skill level 12 in Long Blades
 11746 | D:9      | Found a snail-covered altar of Cheibriados.
 11799 | D:10     | Entered Level 10 of the Dungeon
 11965 | D:10     | HP: 33/69 [something (3)]
 11970 | D:10     | HP: 26/69 [something (3)]
 11974 | D:10     | Killed an unseen horror
 11974 | D:10     | Reached skill level 3 in Fighting
 11975 | D:10     | HP: 19/70 [acid (2)]
 12491 | D:10     | Reached skill level 4 in Fighting
 13135 | D:10     | Reached skill level 1 in Armour
 13363 | D:10     | Reached XP level 11. HP: 53/78 MP: 10/15
 13453 | D:10     | Reached skill level 5 in Fighting
 13695 | D:10     | Reached skill level 2 in Armour
 13939 | D:11     | Reached skill level 13 in Long Blades
 14475 | D:11     | Found a staircase to the Orcish Mines.
 14614 | D:11     | HP: 32/80 [komodo dragon (11)]
 14615 | D:11     | HP: 10/80 [komodo dragon (22)]
 14934 | D:11     | Found a staircase to the Lair.
 15219 | D:11     | Found a roughly hewn altar of Beogh.
 15277 | Orc:1    | Entered Level 1 of the Orcish Mines
 15316 | Orc:1    | Noticed an orc sorcerer
 15364 | Orc:1    | Killed an orc sorcerer
 15364 | Orc:1    | Reached skill level 3 in Armour
 15397 | Orc:1    | Noticed Erica
 15442 | Orc:1    | HP: 36/81 [troll (6)]
 15446 | Orc:1    | HP: 17/81 [orc warrior/+0 war axe (2)]
 15449 | Orc:1    | HP: 2/81 [Erica/+3 scimitar of flaming (11)]
 15449 | Orc:1    | Slain by Erica

Vanquished Creatures
  An unseen horror (D:10)
  An orc sorcerer (Orc:1)
  A komodo dragon (D:11)
  A hornet (D:11)
  5 yaks
  3 hungry ghosts
  A soldier ant (D:11)
  14 water moccasins (D:10)
  3 sky beasts
  5 black bears
  4 orc warriors
  3 ice beasts
  A hornet zombie (D:6)
  A necrophage (D:11)
  2 phantoms
  11 centaurs
  9 ogres
  8 bullfrogs
  5 scorpions
  4 wights (D:7)
  An electric eel (D:8)
  3 howler monkeys
  6 crimson imps
  A bullfrog zombie (D:8)
  A centaur zombie (D:7)
  10 hounds
  3 quasits
  11 orc priests
  3 jellies
  15 orc wizards
  2 centaur skeletons
  3 iguanas
  Natasha (thrice) (D:1 D:2)
  6 worker ants
  A hound zombie (D:9)
  A worker ant zombie (D:9)
  6 gnolls
  25 adders
  4 shadow imps
  13 oozes
  2 adder zombies
  2 adder skeletons (D:5)
  A worm (D:3)
  2 dart slugs
  5 leopard geckos
  48 orcs
  3 ball pythons
  5 giant cockroaches
  10 goblins
  3 hobgoblins
  8 jackals
  5 quokkas
  A ball python skeleton (D:4)
  12 bats
  8 frilled lizards
  A jackal skeleton (D:4)
  15 kobolds
  2 quokka skeletons
  7 rats
341 creatures vanquished.

Vanquished Creatures (collateral kills)
  An orc warrior (Orc:1)
  An orc priest (Orc:1)
  An orc (Orc:1)
3 creatures vanquished.

Vanquished Creatures (others)
  An orc (Orc:1)
  2 fungi (D:3)
  8 toadstools (D:3)
11 creatures vanquished.

Grand Total: 355 creatures vanquished

Table legend:
 A = Turns spent in this place as a percentage of turns spent in the entire game.
 B = Non-inter-level travel turns spent in this place as a percentage of non-inter-level travel turns spent in the entire game.
 C = Inter-level travel turns spent in this place as a percentage of turns spent in this place.
 D = Turns resting spent in this place as a percentage of non-inter-level travel turns spent in this place.
 E = Turns spent auto-exploring this place as a percentage of non-inter-level travel turns spent in this place.
 F = Non-inter-level travel turns spent in this place divided by the number of levels of this place that you've seen.
                   A       B       C       D       E      F
               +-------+-------+-------+-------+-------+----------------------
         Total | 100.0 | 100.0 |   2.6 |  43.7 |  35.7 | 1253.8
       Dungeon |  99.0 |  99.0 |   2.6 |  43.9 |  35.9 | 1354.2
  Orcish Mines |   1.0 |   1.0 |   0.0 |  18.8 |   8.7 | 149.0
               +-------+-------+-------+-------+-------+----------------------
